 Dungeon Crawl Stone Soup version 0.32-a0-18-g89e19f1974 (webtiles) character file.

Game seed: 8225687596323214698

11349 Zeldest the Grappler (level 11, 0/120 HPs)
             Began as an Oni Shapeshifter on Jan 16, 2024.
             Was an Elder of Trog.
             Slain by a komodo dragon (13 damage)
             ... on level 10 of the Dungeon.
             The game lasted 00:23:24 (10169 turns).

Zeldest the Grappler (Oni Shapeshifter)            Turns: 10169, Time: 00:23:24

Health: 0/120      AC:  5    Str: 24    XL:     11   Next: 76%
Magic:  11/11      EV:  9    Int: 11    God:    Trog [****..]
Gold:   491        SH:  0    Dex:  8    Spells: 10/10 levels left

rFire   + .          .
                       - Unarmed
rCold   x . .        (no shield)
rNeg    . . .        M - melded +0 steam dragon scales
rPois   .            (helmet restricted)
rElec   .            (no cloak)
rCorr   .            (gloves unavailable)
SInv    .            (boots unavailable)
Will    +++..        e - amulet of regeneration
Stlth   +            f - +4 ring of protection
HPRegen 2.20/turn    L - ring of fire
MPRegen 0.12/turn

%: no passive effects
@: maw-form, strong-willed, regenerating, hasted, very quick
A: devouring maw, large, unfitting armour, horns 1, tough skin 1, double potion
healing, drunken brawling
a: Begin Untransformation, Renounce Religion, Berserk, Trog's Hand, Brothers in
Arms


You were on level 10 of the Dungeon.
You worshipped Trog.
Trog was greatly pleased with you.
You were a creature with a mouth for a stomach.
You visited 2 branches of the dungeon, and saw 11 of its levels.
You also visited: Bailey.

You collected 491 gold pieces.

Inventory:

Missiles
 h - 30 poisoned darts (quivered)
 D - 3 throwing nets
 F - 5 curare-tipped darts
Armour
 M - +0 steam dragon scales (melded)
Jewellery
 e - an amulet of regeneration (around neck)
 f - a +4 ring of protection (left hand)
 i - a ring of see invisible
 r - an amulet of reflection
 y - a ring of ice
 L - a ring of fire (right hand)
Talismans
 c - a beast talisman
 d - a flux talisman
 K - a maw talisman (active)
Wands
 t - a wand of flame (30)
 z - a wand of roots (3)
 E - a wand of light (10)
 N - a wand of mindburst (5)
Scrolls
 g - 4 scrolls of revelation
 k - a scroll of enchant weapon {unknown}
 l - 2 scrolls of noise
 n - 2 scrolls of poison
 o - a scroll of summoning {unknown}
 p - 2 scrolls of teleportation
 q - a scroll of fog {unknown}
 u - a scroll of enchant armour {unknown}
 v - 3 scrolls of amnesia {unknown}
 w - a scroll of vulnerability {unknown}
 A - 2 scrolls of blinking {unknown}
 C - a scroll of torment {unknown}
 O - a scroll of immolation {unknown}
Potions
 b - a potion of cancellation
 j - 3 potions of resistance
 m - 3 potions of heal wounds
 s - 2 potions of magic
 x - 2 potions of ambrosia
 B - 4 potions of brilliance
 G - 3 potions of might
 H - 5 potions of mutation
 J - a potion of curing


   Skills:
 + Level 11.1 Fighting
 - Level 1.7 Dodging
 * Level 11.4 Unarmed Combat
 * Level 10.6 Shapeshifting


You had 10 spell levels left.
You didn't know any spells.
Your spell library contained the following spells:

 Spells                   Type           Power      Damage    Failure   Level
 Kiss of Death            Conj/Necr      0%         2d5       34%         1
 Magic Dart               Conj           0%         1d3       34%         1
 Slow                     Hex            0%         N/A       34%         1
 Blink                    Tloc           0%         N/A       47%         2
 Call Imp                 Summ           0%         N/A       47%         2
 Ensorcelled Hibernation  Hex/Ice        0%         N/A       47%         2
 Confusing Touch          Hex            0%         N/A       71%         3
 Fugue of the Fallen      Necr           0%         N/A       71%         3
 Sigil of Binding         Hex            0%         N/A       71%         3
 Vampiric Draining        Necr           0%         2d6       71%         3
 Anguish                  Hex/Necr       0%         N/A       98%         4
 Dispel Undead            Necr           0%         3d6       98%         4
 Conjure Ball Lightning   Conj/Air       0%         3x3d6     100%        6
 Discord                  Hex            0%         N/A       100%        8
 Disjunction              Tloc           0%         N/A       100%        8


Dungeon Overview and Level Annotations

Branches:
Dungeon (10/15) Zot: 26143  Temple (1/1) D:6 Zot: 5969    Lair (0/5) D:8
 Bailey (visited)
    Orc: D:9-12

Altars:
Ashenzari
Cheibriados
Dithmenos
Elyvilon
Fedhas
Gozag
Hepliaklqana
Kikubaaqudgha
Makhleb
Nemelex Xobeh
Okawaru
Qazlal
Ru
Sif Muna
Trog
Uskayaw
Vehumet
Wu Jian
Xom
Yredelemnul
Zin
The Shining One

Shops:
D:2 :   D:9 *   D:10 (

Annotations:
D:2 1 runed translucent door, Crazy Yiuf
D:4 1 runed translucent door, ChongLi's ghost, weakling DgDe
D:5 2 transporters, octoduck's ghost, novice DrCj
D:10 Lodul


Innate Abilities, Weirdness & Mutations

You are a creature with a mouth for a stomach.
Your midsection houses a second, enormous mouth.
You are too large for most types of armour.
You have a pair of small horns on your head.
You have tough skin. (AC +1)
You gain doubled healing and magic from potions.
Whenever you drink a healing potion, you attack all around you.


Message History

Reactivating autopickup.
You feel a bit more experienced.
The grasping roots constrict the ogre!
The roots release their grip on the ogre.
You pummel the orc!!
You devour the orc!
You feel better.
You kill the orc!
Trog accepts your kill.
Aiming: Bolt of Light
Press: ? - help, Shift-Dir - straight line, f - kobold demonologist
Aim: a kobold demonologist, wielding a +0 dagger and wearing a +0 robe (60% to hit)
The bolt of light misses the komodo dragon.
The bolt of light hits the ogre!
The ogre is heavily wounded.
The ogre is blinded.
The bolt of light hits Lodul!
Lodul is lightly wounded.
Lodul is blinded.
The bolt of light hits the kobold demonologist!
The kobold demonologist is moderately wounded.
The kobold demonologist is blinded.
The komodo dragon bites you!!
You pummel the komodo dragon!! You bite the komodo dragon!
The komodo dragon is severely wounded.
The komodo dragon closely misses you.
You closely miss the komodo dragon. Your headbutt misses the komodo dragon.
You bite the komodo dragon.
The komodo dragon is almost dead.
Lodul zaps a wand.
The ogre evaporates and reforms as a ribbon worm!
The kobold demonologist gestures wildly while chanting.
The komodo dragon bites you!!
* * * LOW HITPOINT WARNING * * *
You hit the komodo dragon but do no damage.
You punch the komodo dragon, but do no damage.
You bite the komodo dragon.
The komodo dragon is almost dead.
You closely miss the komodo dragon. Your bite misses the komodo dragon.
The komodo dragon is almost dead.
The komodo dragon bites you!!
* * * LOW HITPOINT WARNING * * *
Okay, then.
You feel yourself speed up. The komodo dragon bites you!
You die...

..............####...####
...................#..# #
................#.##.####
...).......###..###..###.
............##...#.....##
..#..:###.###.........#
#..###...###.........
#####..#..###........
##W......###.....##
##l##...##.###.....#
##Ow#.....#..##......
#KO3..#:#.....###....
#.OOOO#...:#:...#........
.....#.....#)#.....#......
##...##..#.....#..##......
.... ##.##...##.###.....#
... ##.......###......#


You could see Lodul (blind, unable to see you), a sun demon (summoned), a komodo
dragon, a kobold demonologist (blind, unable to see you), 4 ogres and a ribbon
worm.

Vanquished Creatures
  An orc knight (Bailey)
  Joseph (D:7)
  4 gargoyles (D:8)
  A smoke demon (D:9)
  An efreet (D:9)
  A kobold demonologist (D:10)
  A shadow (D:6)
  4 wyverns
  A wraith (D:10)
  22 yaks
  3 fire bats (D:9)
  A steam dragon (D:10)
  4 water moccasins
  3 orc warriors
  3 sky beasts
  2 black bears (D:8)
  3 wolves (D:8)
  2 ogres (D:10)
  2 centaurs
  5 kobold brigands
  A bullfrog (D:8)
  3 scorpions
  A gnoll sergeant (D:5)
  8 killer bees
  6 howler monkeys
  2 bombardier beetles (D:5)
  2 hounds (D:5)
  2 orc priests
  A jelly (D:8)
  A gnoll bouda (D:8)
  A sleepcap (D:6)
  Jessica (D:3)
  12 orc wizards
  An iguana (D:5)
  Robin (D:3)
  21 gnolls
  3 adders
  2 white imps
  4 ufetubi (D:5)
  A dart slug (D:9)
  42 orcs
  4 ball pythons
  3 endoplasms
  5 giant cockroaches
  11 goblins
  7 hobgoblins
  4 quokkas
  4 bats
  2 frilled lizards (D:1)
  25 kobolds
  2 rats (D:1)
  A butterfly (D:10)
249 creatures vanquished.

Vanquished Creatures (others)
  An orc priest (D:10)
  An orc wizard (D:6)
2 creatures vanquished.

Grand Total: 251 creatures vanquished

Notes
Turn   | Place    | Note
-------+----------+-------------------------------------------
     0 | D:1      | Zeldest the Oni Shapeshifter began the quest for the Orb.
     0 | D:1      | Reached XP level 1. HP: 19/19 MP: 1/1
   128 | D:1      | Reached XP level 2. HP: 28/28 MP: 2/2
   323 | D:1      | Found a faded altar of an unknown god.
   472 | D:1      | Reached XP level 3. HP: 26/35 MP: 3/3
   904 | D:2      | Found Roppyq's Vocational Training.
  1167 | D:2      | Found a runed translucent door.
  1168 | D:2      | Noticed Crazy Yiuf
  1944 | D:3      | Reached XP level 4. HP: 44/44 MP: 4/4
  1970 | D:3      | Noticed Robin
  1991 | D:3      | Killed Robin
  2373 | D:3      | Noticed Jessica
  2386 | D:3      | Killed Jessica
  2387 | D:3      | Reached XP level 5. HP: 53/53 MP: 5/5
  2924 | D:4      | Found a shadowy altar of Dithmenos.
  3118 | D:4      | Found a runed translucent door.
  3165 | D:4      | Found a blossoming altar of Fedhas.
  3165 | D:4      | Noticed an orc warrior
  3184 | D:5      | Entered Level 5 of the Dungeon
  3294 | D:5      | Reached XP level 6. HP: 61/61 MP: 6/6
  3320 | D:5      | Found a transporter.
  3331 | D:5      | Noticed octoduck's ghost (novice DrCj)
  3345 | D:5      | Found a transporter.
  3795 | D:5      | Identified the amulet of Democracy {Faith Harm rElec}
  3902 | D:4      | Reached skill level 5 in Shapeshifting
  4073 | D:4      | Reached XP level 7. HP: 70/70 MP: 7/7
  4597 | D:4      | Noticed ChongLi's ghost (weakling DgDe)
  4870 | D:4      | Reached skill level 5 in Unarmed Combat
  5243 | D:6      | Found a staircase to the Ecumenical Temple.
  5259 | D:6      | Reached skill level 5 in Fighting
  5259 | D:6      | Reached XP level 8. HP: 59/80 MP: 8/8
  5265 | Temple   | Entered the Ecumenical Temple
  5280 | Temple   | Became a worshipper of Trog the Wrathful
  5711 | D:6      | Noticed a shadow
  5720 | D:6      | Killed a shadow
  6074 | D:7      | Reached XP level 9. HP: 89/92 MP: 9/9
  6079 | D:7      | Reached * piety under Trog
  6136 | D:7      | Found a hazy altar of Hepliaklqana.
  6215 | D:7      | Found an ornate altar of the Wu Jian Council.
  6436 | D:7      | Noticed Joseph
  6448 | D:7      | Killed Joseph
  6585 | D:7      | Found a sparkling altar of Nemelex Xobeh.
  6588 | D:7      | Identified the +2 robe "Pyazixim" {Dex+5}
  6780 | D:8      | Found a staircase to the Lair.
  6820 | D:8      | Reached XP level 10. HP: 36/104 MP: 10/10
  7029 | D:8      | Reached ** piety under Trog
  7189 | D:8      | Found a flagged portal.
  7214 | Bailey   | Entered a bailey
  7405 | Bailey   | Noticed an orc knight
  7420 | Bailey   | Killed an orc knight
  7911 | D:8      | Noticed a gargoyle
  7938 | D:8      | Killed a gargoyle
  8017 | D:8      | Noticed a gargoyle
  8022 | D:8      | Killed a gargoyle
  8037 | D:8      | Noticed a gargoyle
  8043 | D:8      | Killed a gargoyle
  8068 | D:8      | Noticed a gargoyle
  8077 | D:8      | Killed a gargoyle
  8180 | D:8      | Reached skill level 10 in Unarmed Combat
  8180 | D:8      | Reached skill level 10 in Shapeshifting
  8206 | D:8      | Reached XP level 11. HP: 115/115 MP: 11/11
  8207 | D:8      | Found a white marble altar of Elyvilon.
  8208 | D:8      | Reached *** piety under Trog
  8416 | D:8      | Found a stormy altar of Qazlal.
  8579 | D:9      | Reached skill level 10 in Fighting
  8614 | D:9      | Found an opulent altar of Gozag.
  8618 | D:9      | Found Gozag's Platinum Reserve.
  8890 | D:9      | Found an iron altar of Okawaru.
  8937 | D:9      | Found a snail-covered altar of Cheibriados.
  9293 | D:10     | Entered Level 10 of the Dungeon
  9384 | D:10     | Reached **** piety under Trog
  9386 | D:10     | Identified the +9 mace of Tuitur {flame, Dex+3}
  9548 | D:10     | Found Sousuoli's Antique Weapon Shoppe.
  9553 | D:10     | Found a shimmering altar of Xom.
  9640 | D:10     | Identified the +3 demon whip "Iruazxipp" {flame, Str+5}
 10151 | D:10     | Noticed Lodul
 10167 | D:10     | Noticed a sun demon
 10169 | D:10     | Slain by a komodo dragon

Illustrated notes

Levels and vault maps discovered:
D:1:      minmay_arrival_cross, layout_basic,
          hellmonk_ecumenical_altar_pennies_from_heaven
D:2:      layout_basic, kennysheep_cross_bottleneck, nicolae_shop_vocational,
          uniq_crazy_yiuf_cottage
D:3:      layout_basic, uniq_jessica, uniq_robin
D:4:      layout_layer_cave, fedhas_ov_isle_minmay,
          nicolae_dithmenos_through_a_glass_darkly, gammafunk_ghost_grave,
          roderic_roman_lattice
D:5:      layout_basic, gammafunk_ghost_stat_death
D:6:      layout_loops_cross, minmay_temple_entry_slanted
D:7:      layout_basic, nicolae_hepliaklqana_hippocampus, lemuel_round_altar,
          nemelex_diamond_rough_becter, nicolae_concentric_dashed_squares_wild,
          kennysheep_nondescript, uniq_joseph
D:8:      cheibrodos_statue_roulette, layout_basic, elyvilon_altar_5,
          mainiacjoe_overflow_alcove_2, minmay_lair_entry_grove, enter_bailey_4
D:9:      layout_basic, nicolae_gozag_zags_fifth_avenue,
          mainiacjoe_overflow_tiny_flanked, kennysheep_slug_shrine
D:10:     minmay_firetagon, layout_cave_pools, xom_butterflies, serial_shops,
          shop, enter_trove_6, kennysheep_kite_vault, uniq_lodul
Temple:   jpeg_temple_clearing

Skill      XL: |  1  2  3  4  5  6  7  8  9 10 11 |
---------------+----------------------------------+-----
Unarmed Combat | 3 4 5 6 8 10 11 | 11.4
Fighting       | 2 3 4 5 6 8 9 11 | 11.1
Shapeshifting  | 4 5 7 8 10 | 10.6
Dodging        | |  1.7

Action                     |  1- 3 |  4- 6 |  7- 9 | 10-12 || total
---------------------------+-------+-------+-------+-------++-------
  Melee: Unarmed           |    74 |   130 |   236 |   372 ||   812
         Headbutt          |    10 |    23 |    40 |    71 ||   144
         Punch             |     1 |     5 |    13 |    20 ||    39
         Maw               |       |       |       |    29 ||    29
 Invoke: Berserk           |       |       |     1 |       ||     1
         Trog's Hand       |       |       |       |     1 ||     1
Ability: Begin Untransform |       |       |       |     1 ||     1
  Evoke: Wand              |       |       |       |     6 ||     6
    Use: Potion            |       |       |     2 |     6 ||     8
         Scroll            |       |       |       |    12 ||    12
   Stab: Sleeping          |     1 |       |       |       ||     1
         Invisible         |       |       |       |     2 ||     2
 Armour: Animal skin       |    54 |   104 |   171 |   220 ||   549
         Skin              |       |       |    12 |   167 ||   179
  Dodge: Dodged            |    32 |    75 |    91 |   165 ||   363
   Form: Beast             |     1 |       |       |       ||     1
         Maw               |       |       |       |     2 ||     2

Table legend: (Time is in decaauts)
 A = Elapsed time spent in this place.
 B = Non-inter-level travel time spent in this place.
 C = Inter-level travel time spent in this place.
 D = Time resting spent in this place.
 E = Time spent auto-exploring this place.
 F = Levels seen in this place.
 G = Mean time per level.
                   A        B        C        D        E       F      G
               +--------+--------+--------+--------+--------+-----+--------+
         Total |  10047 |   9493 |    554 |   1171 |   5966 |  12 |  837.2 |
       Dungeon |   9637 |   9111 |    526 |   1142 |   5924 |  10 |  963.7 |
        Temple |     30 |      2 |     28 |      0 |      0 |   1 |   30.0 |
        Bailey |    380 |    380 |      0 |     29 |     42 |   1 |  380.0 |
               +--------+--------+--------+--------+--------+-----+--------+

Top non-repeatable levels by time:
     D:4: 1328 daAuts
     D:8: 1320 daAuts
     D:9: 1207 daAuts
     D:3: 1081 daAuts
     D:2: 1052 daAuts
     D:7: 985 daAuts
     D:5: 853 daAuts
     D:1: 726 daAuts
     D:6: 685 daAuts
    D:10: 396 daAuts
  Bailey: 380 daAuts
  Temple: 30 daAuts
